17 pounder killed 2 tigers

Match 12847778
End
Kradschützen Motorcycle Team
Selects Italian Combined Arms Battlegroup
Selects Bersaglieri Squad
Bersaglieri Squad
Construct Light Support Kompanie
Bersaglieri Squad
2.5-tonne Medical Truck
Combat Half-tracks
Panzerjäger Mechanized Group
Fire Support Elements
Selects Semovente da 75/18 Assault Gun
Semovente da 75/18 Assault Gun
Pak 38 Anti-tank Gun Team
Selects Strafing Run
Strafing Run
Strafing Run
le.IG 18 Support Gun Team
MG34 Team
Selects Bersaglieri Bolster
Panzerjäger Mechanized Group
Selects Breda Model 30 Light Machine Guns
Bersaglieri Squad
Construct Panzerarmee Kommand
Panzer III L Medium Tank
Strafing Run
2.5-tonne Medical Truck
Armored Reserves
Emergency Repair Kits
Strafing Run
Selects Artillery Cover
Tiger Heavy Tank
Strafing Run
Strafing Run
Walking Stuka Rocket Launcher
Artillery Cover
Tiger Heavy Tank
Strafing Run
Prince Farming
snowmonster
Para_Dilshan
Billi -MY NUTS!- McNight
Scanline City
kenshin_33_ale
0
0

Comments sign in to comment!

No comments posted yet!